 Dungeon Crawl Stone Soup version 0.22.1-1-ga44c0e56f4 (webtiles) character file.

1341 Gargoyl the Skirmisher (level 8, 0/71 HPs)
             Began as a Centaur Abyssal Knight on Nov 3, 2018.
             Was a Priest of Lugonu.
             Succumbed to a water moccasin's poison
             ... on level 5 of the Dungeon.
             The game lasted 00:07:56 (4432 turns).

Gargoyl the Skirmisher (Centaur Abyssal Knight)     Turns: 4432, Time: 00:07:57

Health: 0/71       AC: 14    Str: 22    XL:     8   Next: 35%
Magic:  11/11      EV:  6    Int: 13    God:    Lugonu [***...]
Gold:   172        SH:  0    Dex: 12    Spells: 7/7 levels left

rFire    . . .     SeeInvis .   a - +1 hand axe
rCold    . . .     Gourm    .   (no shield)
rNeg     . . .     Faith    .   q - +0 chain mail
rPois    .         Spirit   .   l - +0 helmet
rElec    .         Reflect  .   (no cloak)
rCorr    .         Harm     .   j - +2 pair of gloves
MR       .....     Rnd*Tele +   (no barding)
Stlth    ..........             (no amulet)
HPRegen  0.21/turn              u - +3 ring of strength
MPRegen  0.12/turn              m - ring of teleportation (curse)

@: mighty, lethally poisoned (0 -> -2), berserk cooldown, very quick
A: large, hooves 3, icy blue scales 1, clever 1, deformed body, speed 2, tough
skin 3
a: Depart the Abyss, Bend Space, Banish, Renounce Religion


You were on level 5 of the Dungeon.
You worshipped Lugonu.
Lugonu was most pleased with you.
You were hungry.

You visited 1 branch of the dungeon, and saw 5 of its levels.
You visited the Abyss 1 time.

You collected 172 gold pieces.

Inventory:

Hand Weapons
 a - a +1 hand axe (weapon)
Armour
 j - a +2 pair of gloves (worn)
 l - a +0 helmet (worn)
 q - a +0 chain mail (worn)
Jewellery
 m - a cursed ring of teleportation (right hand)
 u - a +3 ring of strength (left hand)
Wands
 p - a wand of paralysis (1)
Scrolls
 e - 2 scrolls of teleportation
 g - a scroll of identify
 o - a scroll of amnesia
Potions
 d - a potion of flight
 f - a potion of agility
 k - a potion of berserk rage
Comestibles
 c - 9 rations


   Skills:
 + Level 6.4 Fighting
 + Level 5.7 Axes
 * Level 3.6 Armour
 + Level 1.4 Dodging
 * Level 4.2 Invocations


You had 7 spell levels left.
You didn't know any spells.
Your spell library was empty.

Dungeon Overview and Level Annotations

Branches:
Dungeon (5/15)             Temple (0/1) D:4

Altars:
Cheibriados
Kikubaaqudgha
Okawaru
Vehumet
The Shining One

Annotations:
D:5 3 runed doors, topfpfpflanze's ghost, amateur DDFi


Innate Abilities, Weirdness & Mutations

You have hooves in place of feet.
Armour fits poorly on your strangely shaped body.
You cover ground very quickly.
You have extremely tough skin. (AC +3)
You are partially covered in icy blue scales. (AC +2)
Your mind is acute. (Int +2)


Message History

It was a potion of cancellation.
Your magical effects are unravelling.
You feel magically purged.
You feel yourself speed up.
You float gracefully downwards.
You feel a little less agile now.
* * * LOW HITPOINT WARNING * * *
You feel sick.
It was a potion of mutation.
You feel extremely strange.
Icy blue scales grow over part of your body.
You feel clever.
* * * LOW HITPOINT WARNING * * *
You feel sick.
It was a potion of might.
You feel very mighty all of a sudden.
Okay, then.
* * * LOW HITPOINT WARNING * * *
You feel sick.
Found a pair of gloves.
You die...

#....(..# #...#..(....#
#..(#(....(.#
##...###+++###
!..##.......# #
#..####..#### #.#####..#
#.## #........####.## #.
#.@.........#######
###.##.##.######........
#.........# #..#####.
#.#.......# #.†#####.
#.<#†.#.## #....>##.
#..#.....# ##.##.##.
#..##<#..# #....... ...
.$.....# #....... .#.[
......# #.##.##.


There were no monsters in sight!

Vanquished Creatures
  A glowing orange brain (Abyss:1)
  A water moccasin (D:5)
  2 ogres (D:4)
  A scorpion (D:5)
  2 crimson imps (D:5)
  2 orc priests (D:3)
  A centaur skeleton (D:4)
  Ijyb (D:3)
  An orc wizard (D:3)
  6 worker ants
  3 adders
  An ooze (D:4)
  An adder skeleton (D:5)
  A worm (D:2)
  3 dart slugs
  3 leopard geckos
  4 orcs
  2 ball pythons
  4 giant cockroaches
  12 goblins
  10 hobgoblins
  4 jackals (D:4)
  3 quokkas
  3 bats
  5 frilled lizards
  A giant cockroach zombie (D:5)
  11 kobolds
  10 rats
99 creatures vanquished.

Notes
Turn   | Place    | Note
-------+----------+-------------------------------------------
     0 | Abyss:1  | Gargoyl the Centaur Abyssal Knight began the quest for the
                  | Orb.
     0 | Abyss:1  | Reached XP level 1. HP: 19/19 MP: 2/2
    18 | Abyss:1  | Found a corrupted altar of Lugonu.
    34 | Abyss:1  | Found a corrupted altar of Lugonu.
    41 | Abyss:1  | Noticed a chaos spawn
    45 | Abyss:1  | Noticed a glowing orange brain
    85 | Abyss:1  | Noticed a wretched star
    85 | Abyss:1  | Noticed a hungry ghost
    85 | Abyss:1  | Noticed a rust devil
    86 | Abyss:1  | Noticed a thrashing horror
    86 | Abyss:1  | Noticed a flying skull
    86 | Abyss:1  | Noticed a flying skull
    86 | Abyss:1  | Noticed a flying skull
    86 | Abyss:1  | Noticed a flying skull
    86 | Abyss:1  | Noticed a flying skull
    86 | Abyss:1  | Noticed a cacodemon
    86 | Abyss:1  | Noticed a sixfirhy
    87 | Abyss:1  | Killed a glowing orange brain
    87 | Abyss:1  | Reached skill level 5 in Fighting
    87 | Abyss:1  | Reached skill level 1 in Dodging
    87 | Abyss:1  | Reached XP level 2. HP: 26/30 MP: 0/4
    87 | Abyss:1  | Reached XP level 3. HP: 32/37 MP: 0/5
    87 | Abyss:1  | Reached XP level 4. HP: 38/44 MP: 0/6
    87 | Abyss:1  | Reached XP level 5. HP: 43/50 MP: 0/7
    87 | Abyss:1  | Reached XP level 6. HP: 49/57 MP: 0/8
    87 | Abyss:1  | Reached XP level 7. HP: 54/62 MP: 0/9
   121 | Abyss:1  | Noticed a fire bat
   125 | D:1      | Escaped the Abyss
   599 | D:1      | Reached * piety under Lugonu
  1087 | D:2      | Found a snail-covered altar of Cheibriados.
  1206 | D:2      | Found a radiant altar of Vehumet.
  1630 | D:3      | Reached ** piety under Lugonu
  1898 | D:3      | Reached skill level 6 in Fighting
  2165 | D:3      | Noticed Ijyb
  2168 | D:3      | Paralysed by Ijyb for 4 turns
  2178 | D:3      | Paralysed by Ijyb for 6 turns
  2194 | D:3      | Killed Ijyb
  2767 | D:4      | Found an iron altar of Okawaru.
  2767 | D:4      | Found a glowing golden altar of the Shining One.
  2802 | D:4      | Reached *** piety under Lugonu
  2938 | D:4      | Reached skill level 5 in Axes
  3299 | D:4      | Found a staircase to the Ecumenical Temple.
  3569 | D:4      | Reached XP level 8. HP: 53/70 MP: 10/10
  3810 | D:4      | Found an ancient bone altar of Kikubaaqudgha.
  4135 | D:5      | Entered Level 5 of the Dungeon
  4354 | D:5      | Found a runed gate.
  4356 | D:5      | Found a runed gate.
  4356 | D:5      | Found a runed gate.
  4361 | D:5      | Noticed topfpfpflanze's ghost (amateur DDFi)
  4425 | D:5      | HP: 3/71 [poisoned by a water moccasin]
  4427 | D:5      | Gained mutation: You are partially covered in icy blue
                  | scales. (AC +2) [potion of mutation]
  4427 | D:5      | Gained mutation: Your mind is acute. (Int +2) [potion of
                  | mutation]
  4429 | D:5      | HP: 1/71 [poisoned by a water moccasin]
  4432 | D:5      | Succumbed to a water moccasin's poison

Skill      XL: |  1  2  3  4  5  6  7  8 |
---------------+-------------------------+-----
Fighting       | 5 6 |  6.4
Axes           | 4 5 |  5.7
Armour         | 2 3 |  3.6
Dodging        | 1 |  1.4
Invocations    | 3 4 |  4.2

Action                   |  1- 3 |  4- 6 |  7- 9 || total
-------------------------+-------+-------+-------++-------
Melee: Hand axe          |    22 |       |   298 ||   320
       Kick              |     7 |       |    64 ||    71
Invok: Depart the Abyss  |       |       |     1 ||     1
Evoke: Wand              |       |       |     3 ||     3
  Use: Potion            |     1 |       |     6 ||     7
       Scroll            |       |       |    11 ||    11
 Stab: Paralysed         |       |       |    10 ||    10
  Eat: Chunk             |       |       |     8 ||     8
Armor: Leather armour    |     1 |       |    58 ||    59
       Chain mail        |       |       |   125 ||   125
Dodge: Dodged            |     1 |       |   107 ||   108
